AoeStats
← GoogleWise

Nomad

510186384Analyzed
3v3 RM · 2d ago on Sep 29, 2026· 29m 7s· 6 players
Game mode
Random Map
Map size
210×210
Population
200
Speed
Normal
Resources
Standard
Victory
Conquest
Starting age
Dark Age
Ending age
Imperial Age
RankedLock teamsTeams togetherTeam positionsShared explorationLock speedFull tech treeHidden civsTurbo modeCheats
Victory
Defeat
🇳🇿 Persians · New Zealand
1011
+15
🇨🇦 Dravidians · Canada
952
+17
🇨🇭 Varangians · Switzerland
946
+17
🇳🇴 Malians · Norway
995
-17
🇨🇦 Dravidians · Canada
992
-17
🇦🇷 Vietnamese · Argentina
955
-15
GoogleWise
15:09 Feudal Age
15:10 Loom
15:35 Double-Bit Axe
17:45 Wheelbarrow
17:22 Man-at-Arms
24:45 Castle Age
25:54 Horse Collar
26:25 Long Swordsman
27:06 Squires
26:30 Elite Skirmisher
27:16 Thumb Ring
27:25 Arson
27:42 Gambesons
Meninkain
5:19 Loom
16:14 Feudal Age
17:07 Fishing Lines
20:48 Castle Age
18:17 Man-at-Arms
27:24 Arson
27:41 Squires
28:48 Scale Mail Armor
woodicus
6:40 Loom
13:32 Feudal Age
14:05 Town Watch
14:16 Double-Bit Axe
19:06 Castle Age
17:57 Bloodlines
19:36 Scale Barding Armor
19:46 Bow Saw
20:48 Medium Warships
22:52 Chain Barding Armor
24:11 Forging
25:36 Iron Casting
25:04 Husbandry
29:06 Wheelbarrow
espen25hansen
3:27 Loom
14:17 Feudal Age
14:45 Arson
14:21 Man-at-Arms
16:19 Forging
16:10 Scale Mail Armor
17:45 Double-Bit Axe
18:18 Town Watch
20:33 Wheelbarrow
22:56 Fishing Lines
26:43 Castle Age
27:01 Long Swordsman
27:42 Squires
28:19 Iron Casting
27:57 Gillnets
27:56 Horse Collar
Marianoserpa
6:04 Loom
16:39 Feudal Age
17:24 Double-Bit Axe
18:59 Horse Collar
21:29 Forging
21:10 Fletching
clive bixby
14:40 Feudal Age
15:45 Double-Bit Axe
16:23 Fishing Lines
17:53 Loom
18:49 Wheelbarrow
17:57 Horse Collar
18:54 Gold Mining
20:32 Town Watch
23:08 Castle Age
22:31 Fletching
22:41 Padded Archer Armor
23:49 Forging
23:41 Scale Mail Armor
25:38 Bodkin Arrow
28:02 Hand Cart
Connection lost

Rejoining the realm…

Still unreachable

The connection could not be restored.

Session expired

The server has moved on; the page needs a fresh start.